 Dungeon Crawl Stone Soup version 0.29-a0-96-g93358da72b (webtiles) character file.

Game seed: 17501975402031565162

121 drugrobin the Grasshopper (level 4, 0/37 HPs)
             Began as a Demigod Warper on Feb 11, 2022.
             Slain by a gnoll (6 damage)
             ... on level 2 of the Dungeon.
             The game lasted 00:05:12 (2238 turns).

drugrobin the Grasshopper (Demigod Warper)          Turns: 2238, Time: 00:05:12

Health: 0/37       AC:  8    Str: 16    XL:     4   Next: 48%
Magic:  9/9        EV:  9    Int: 15    God:
Gold:   14         SH:  0    Dex: 13    Spells: 4/6 levels left

rFire   + + .      SeeInvis .   o - +2 short sword (elec)
rCold   x . .      Faith    .   (no shield)
rNeg    . . .      Spirit   .   l - +0 fire dragon scales
rPois   .          Reflect  .   (no helmet)
rElec   .          Harm     .   (no cloak)
rCorr   .          Rampage  .   (no gloves)
Will    .....                   (no boots)
Stlth   ..........              (no amulet)
HPRegen 0.12/turn               (no ring)
MPRegen 0.11/turn               (no ring)

@: no status effects
A: high MP 1, forlorn, divine attributes
a: no special abilities


You were on level 2 of the Dungeon.
You visited 1 branch of the dungeon, and saw 2 of its levels.

You collected 14 gold pieces.

Inventory:

Hand Weapons
 a - a +0 spear
 b - a +0 hunting sling
 o - a +2 short sword of electrocution (weapon)
Missiles
 d - 5 boomerangs of dispersal
 g - 19 bolts
 n - 51 stones (quivered)
Armour
 l - +0 fire dragon scales (worn)
 q - a +0 leather armour
Scrolls
 c - a scroll of blinking
 f - 4 scrolls of identify
 h - a scroll of acquirement {unknown}
 i - a scroll of enchant weapon {unknown}
 j - a scroll of enchant armour {unknown}
 k - 2 scrolls of teleportation {unknown}
 p - a scroll of noise {unknown}
Potions
 e - 2 potions of ambrosia
 m - a potion of curing {unknown}


   Skills:
 + Level 2.3 Fighting
 - Level 3.1 Polearms
 - Level 0.8 Throwing
 + Level 2.3 Armour
 - Level 1.7 Dodging
 - Level 1.7 Spellcasting
 - Level 3.2 Translocations


You had 4 spell levels left.
You knew the following spells:

 Your Spells              Type           Power      Damage    Failure   Level
a - Blink                 Tloc           22%        N/A       38%         2

Your spell library contained the following spells:

 Spells                   Type           Power      Damage    Failure   Level
 Gell's Gravitas          Tloc           11%        N/A       63%         3
 Lesser Beckoning         Tloc           11%        N/A       63%         3
 Teleport Other           Tloc           11%        N/A       63%         3
 Static Discharge         Conj/Air       1%         N/A       85%         2
 Lightning Bolt           Conj/Air       0%         1d11      100%        5
 Manifold Assault         Tloc           11%        N/A       100%        5
 Maxwell's Capacitive Co  Air            0%         ∞         100%        8


Dungeon Overview and Level Annotations

Branches:
Dungeon (2/15)


Innate Abilities, Weirdness & Mutations

You have an increased reservoir of magic. (+10% MP)
You shall have no god before yourself.
Your divine heritage dramatically boosts your attributes as you level up.


Message History

You kill the gnoll!
Press: ? - help, v - describe, . - travel The floor.
Unknown command.
You aren't carrying any items that you can evoke.
Okay, then.
Throw: throwing net
Press: ? - help, Shift-Dir - straight line, f - gnoll
Aim: a gnoll, wielding a +0 halberd (61% to hit)
You throw a throwing net. The throwing net hits the gnoll.
The gnoll is caught in the net!
The gnoll struggles against the net. x2
Unknown command.
The gnoll struggles against the net.
You hit the gnoll.
The gnoll is moderately wounded.
The gnoll struggles against the net.
You hit the gnoll.
The gnoll is heavily wounded.
The gnoll struggles against the net.
The net rips apart, and the gnoll comes free!
You hit the gnoll but do no damage.
The gnoll is heavily wounded.
The gnoll hits you but does no damage.
You hit the gnoll.
The gnoll is severely wounded.
The gnoll hits you with a +0 halberd.
You barely miss the gnoll.
The gnoll is severely wounded.
The gnoll hits you with a +0 halberd!
* * * LOW HITPOINT WARNING * * *
Unknown command.
You hit the gnoll.
The gnoll is almost dead.
The gnoll hits you but does no damage.
Unknown command.
You barely miss the gnoll.
The gnoll is almost dead.
The gnoll hits you with a +0 halberd.
You die...

.^.########gg......###.......#
...# #........# #.......# )..#
#<.......# #.......# ...#
#.......## #.g<....# ####
###.......# #.[.....# #
#.....##### #.......# ##
######.....# #.......#
.###.......##.#########.######
.....####.......@g.)....#
..#### #...##..........#
...######..###..........#
.#...........#.........##
......÷......#.........#
##...........#.........#
##..>.......#.........#
#..........#.........#
#..........#.........#


You could see a gnoll.

Vanquished Creatures
  Jessica (D:2)
  Terence (D:2)
  A gnoll (D:2)
  A worm (D:2)
  2 dart slugs (D:1)
  6 endoplasms (D:1)
  5 giant cockroaches
  3 goblins
  4 hobgoblins
  4 jackals (D:1)
  A quokka (D:2)
  A ball python (D:2)
  6 bats
  3 frilled lizards
  4 kobolds
  6 rats
49 creatures vanquished.

Notes
Turn   | Place    | Note
-------+----------+-------------------------------------------
     0 | D:1      | drugrobin the Demigod Warper began the quest for the Orb.
     0 | D:1      | Reached XP level 1. HP: 17/17 MP: 5/5
   275 | D:1      | Reached XP level 2. HP: 22/24 MP: 7/7
   761 | D:1      | Reached skill level 1 in Armour
  1008 | D:1      | Reached XP level 3. HP: 29/29 MP: 8/8
  1348 | D:2      | Noticed Jessica
  1375 | D:2      | Killed Jessica
  1547 | D:2      | Noticed Terence
  1563 | D:2      | Killed Terence
  1564 | D:2      | Reached XP level 4. HP: 34/36 MP: 9/9
  1892 | D:2      | Learned a level 2 spell: Blink
  2238 | D:2      | Slain by a gnoll

Illustrated notes

Levels and vault maps discovered:
D:1:      dpeg_arrival_simpleton_c, layout_basic
D:2:      layout_rooms, serial_curves, eino_curves_01, eino_curves_03,
          uniq_terence, uniq_jessica

Skill      XL: |  1  2  3 |
---------------+----------+-----
Polearms       | 2 3 |  3.1
Translocations | 3 |  3.2
Armour         | 1 2 |  2.3
Fighting       | 2 |  2.3
Throwing       | |  0.8
Dodging        | |  1.7
Spellcasting   | |  1.7

Action                   |  1- 3 |  4- 6 || total
-------------------------+-------+-------++-------
Melee: Spear             |   115 |       ||   115
       Punch             |     1 |     1 ||     2
       Short sword       |     5 |    45 ||    50
 Fire: Hunting sling     |       |     2 ||     2
Throw: Stone             |     4 |     1 ||     5
       Dart              |       |     4 ||     4
       Throwing net      |       |     1 ||     1
  Use: Scroll            |     1 |       ||     1
Armor: Leather armour    |    24 |       ||    24
       Fire dragon scale |    15 |    19 ||    34
Dodge: Dodged            |    51 |    29 ||    80

Table legend: (Time is in decaauts)
 A = Elapsed time spent in this place.
 B = Non-inter-level travel time spent in this place.
 C = Inter-level travel time spent in this place.
 D = Time resting spent in this place.
 E = Time spent auto-exploring this place.
 F = Levels seen in this place.
 G = Mean time per level.
                   A        B        C        D        E       F      G
               +--------+--------+--------+--------+--------+-----+--------+
         Total |   2237 |   2157 |     80 |    294 |   1226 |   2 | 1118.5 |
       Dungeon |   2237 |   2157 |     80 |    294 |   1226 |   2 | 1118.5 |
               +--------+--------+--------+--------+--------+-----+--------+

Top non-repeatable levels by time:
     D:1: 1498 daAuts
     D:2: 739 daAuts
